 Dungeon Crawl Stone Soup version 0.29-a0-1065-g47a6bb87d6 (webtiles) character file.

Game seed: 2028565447328719826

63 siradein the Grave Robber (level 3, -2/24 HPs)
             Began as a Demonspawn Necromancer on Aug 18, 2022.
             Slain by a gnoll
             ... wielding a +0 whip
              (9 damage)
             ... on level 3 of the Dungeon.
             The game lasted 00:02:48 (2201 turns).

siradein the Grave Robber (Demonspawn Necromancer)  Turns: 2201, Time: 00:02:48

Health: -2/24      AC:  3    Str:  8    XL:     3   Next: 87%
Magic:  1/7        EV: 11    Int: 18    God:
Gold:   79         SH:  0    Dex: 13    Spells: 7/8 levels left

rFire   . . .      SeeInvis .   a - +2 dagger (drain)
rCold   . . .      Faith    .   (no shield)
rNeg    + . .      Spirit   .   d - +0 leather armour
rPois   .          Reflect  .   (helmet restricted)
rElec   .          Harm     .   (no cloak)
rCorr   .          Rampage  .   (no gloves)
Will    .....                   (no boots)
Stlth   ++........              (no amulet)
HPRegen 0.08/turn               k - ring of positive energy
MPRegen 0.10/turn               (no ring)

@: no status effects
A: antennae 1
a: no special abilities


You were on level 3 of the Dungeon.
You visited 1 branch of the dungeon, and saw 3 of its levels.

You collected 79 gold pieces.

Inventory:

Hand Weapons
 a - a +2 dagger of draining (weapon)
Armour
 d - a +0 leather armour (worn)
Jewellery
 k - a ring of positive energy (left hand)
Scrolls
 c - a scroll of summoning {unknown}
 e - a scroll of enchant armour {unknown}
 f - 2 scrolls of identify {unknown}
 i - a scroll of noise {unknown}
 j - a scroll of magic mapping {unknown}
Potions
 b - a potion of magic
 g - a potion of curing {unknown}
 h - a potion of cancellation {unknown}
 l - a potion of flight {unknown}


   Skills:
 - Level 1.7 Dodging
 - Level 1.7 Stealth
 + Level 3.1 Spellcasting
 + Level 5.3 Necromancy


You had 7 spell levels left.
You knew the following spells:

 Your Spells              Type           Power      Damage    Failure   Level
a - Necrotise             Necr           84%        1d8       2%          1

Your spell library contained the following spells:

 Spells                   Type           Power      Damage    Failure   Level
 Vampiric Draining        Necr           21%        2d7       8%          3
 Summon Small Mammal      Summ           8%         N/A       24%         1
 Animate Dead             Necr           21%        N/A       26%         4
 Call Canine Familiar     Summ           2%         N/A       56%         3
 Summon Guardian Golem    Hex/Summ       2%         N/A       56%         3
 Agony                    Necr           21%        N/A       58%         5


Dungeon Overview and Level Annotations

Branches:
Dungeon (3/15)

Altars:


Innate Abilities, Weirdness & Mutations

You have a pair of small antennae on your head.


Message History

You kill the giant cockroach!
Your hobgoblin skeleton barely misses the gnoll.
The gnoll hits your hobgoblin skeleton with a +0 club.
A gnoll comes into view. It is wielding a +0 whip.
You swap places.
Your goblin skeleton barely misses the gnoll.
The gnoll barely misses you.
Your magical contamination has completely faded away.
You hit the gnoll. You drain the gnoll.
The gnoll is moderately wounded.
Your goblin skeleton hits the gnoll but does no damage.
The gnoll hits you with a +0 club.
The gnoll hits your goblin skeleton with a +0 club!
Your goblin skeleton is destroyed!
The gnoll writhes in agony.
The gnoll hits you with a +0 club.
You are out of magic!
You are out of magic!
You are out of magic!
You are out of magic!
Unknown command.
You are out of magic!
You are out of magic!
Casting: Necrotise (safe; 2% risk of failure)
Confirm with . or Enter, or press ? or * to list all spells.
You don't have enough magic to cast this spell.
Unknown command.
Unknown command.
You hit the gnoll. You drain the gnoll.
You kill the gnoll!
Your hobgoblin skeleton hits the gnoll.
The gnoll closely misses you.
You closely miss the gnoll.
The gnoll is lightly wounded.
Your hobgoblin skeleton barely misses the gnoll.
The gnoll hits you with a +0 club.
You closely miss the gnoll.
The gnoll is lightly wounded.
Your hobgoblin skeleton hits the gnoll.
The gnoll hits you with a +0 club.
* * * LOW HITPOINT WARNING * * *
The gnoll hits you with a +0 whip!
You die...

.........
......... ....
......... .....
......# ....
...).####... .
..###......#.# ...
......gZ.....#....
......g@..........
..?....†....####
.....###.......#
.. ....
###.......# ....
...
+.........#.....
..
##.......##..... .
#..............
##.............
#.............


You could see 2 gnolls and a friendly hobgoblin skeleton.

Vanquished Creatures
  A gnoll (D:3)
  2 dart slugs
  6 ball pythons
  5 endoplasms
  2 giant cockroaches
  6 goblins
  5 hobgoblins
  2 jackals (D:1)
  4 frilled lizards
  8 kobolds
  2 rats (D:1)
43 creatures vanquished.

Vanquished Creatures (collateral kills)
  A frilled lizard (D:1)
1 creature vanquished.

Grand Total: 44 creatures vanquished

Notes
Turn   | Place    | Note
-------+----------+-------------------------------------------
     0 | D:1      | siradein the Demonspawn Necromancer began the quest for the
                  | Orb.
     0 | D:1      | Reached XP level 1. HP: 13/13 MP: 3/3
   206 | D:1      | Gained mutation: You have a pair of small antennae on your
                  | head. [demonic ancestry]
   206 | D:1      | Reached XP level 2. HP: 19/19 MP: 3/5
   761 | D:1      | Found a faded altar of an unknown god.
   898 | D:1      | Reached skill level 5 in Necromancy
   898 | D:1      | Reached XP level 3. HP: 24/24 MP: 4/7
  2201 | D:3      | Slain by a gnoll

Illustrated notes

Levels and vault maps discovered:
D:1:      ncdulo_lavacross, layout_basic, ebering_ecumenical_altar_webs
D:2:      layout_basic, basic_altar
D:3:      layout_basic, uniq_grinder, uniq_ijyb

Skill      XL: |  1  2  3 |
---------------+----------+-----
Necromancy     | 5 |  5.3
Spellcasting   | 3 |  3.1
Dodging        | |  1.7
Stealth        | |  1.7

Action                   || total
-------------------------++-------
Melee: Unarmed           ||     9
       Dagger            ||     9
 Cast: Necrotise         ||    56
Armor: Robe              ||     1
Dodge: Dodged            ||    12

Table legend: (Time is in decaauts)
 A = Elapsed time spent in this place.
 B = Non-inter-level travel time spent in this place.
 C = Inter-level travel time spent in this place.
 D = Time resting spent in this place.
 E = Time spent auto-exploring this place.
 F = Levels seen in this place.
 G = Mean time per level.
                   A        B        C        D        E       F      G
               +--------+--------+--------+--------+--------+-----+--------+
         Total |   2199 |   2093 |    106 |      0 |   1881 |   3 |  733.0 |
       Dungeon |   2199 |   2093 |    106 |      0 |   1881 |   3 |  733.0 |
               +--------+--------+--------+--------+--------+-----+--------+

Top non-repeatable levels by time:
     D:1: 1230 daAuts
     D:2: 905 daAuts
     D:3: 63 daAuts
